 Dungeon Crawl Stone Soup version 0.23-a0-449-g8e4cbf7 (webtiles) character file.

139 Cryolive the Digger (level 5, -2/30 HPs)
             Began as a Gargoyle Earth Elementalist on Nov 21, 2018.
             Slain by Natasha (4 damage)
             ... on level 3 of the Dungeon.
             The game lasted 00:07:11 (2612 turns).

Cryolive the Digger (Gargoyle Earth Elementalist)   Turns: 2612, Time: 00:07:12

Health: -2/30      AC: 10    Str: 12    XL:     5   Next: 22%
Magic:  0/8        EV: 12    Int: 16    God:
Gold:   66         SH:  0    Dex: 10    Spells: 0/9 levels left

rFire    . . .     SeeInvis .   o - +0 mace
rCold    . . .     Gourm    .   (no shield)
rNeg     + + .     Faith    .   c - +0 robe
rPois    ∞         Spirit   .   (no helmet)
rElec    +         Reflect  .   i - +0 cloak (curse)
rCorr    .         Harm     .   e - +0 pair of gloves
MR       .....                  j - +1 pair of boots
Stlth    ++........             (no amulet)
HPRegen  0.10/turn              l - ring of positive energy
MPRegen  0.11/turn              (no ring)

@: slowed, very slow
A: negative energy resistance 1, electricity resistance, unbreathing,
petrification resistance, rot immunity, AC +4
a: no special abilities


You were on level 3 of the Dungeon.
You were hungry.

You visited 1 branch of the dungeon, and saw 3 of its levels.

You collected 66 gold pieces.

Inventory:

Hand Weapons
 o - a +0 mace (weapon)
Missiles
 b - 52 stones (quivered)
Armour
 c - a +0 robe (worn)
 e - a +0 pair of gloves (worn)
 i - a cursed +0 cloak (worn)
 j - a +1 pair of boots (worn)
Jewellery
 l - a ring of positive energy (left hand)
Scrolls
 a - 3 scrolls of teleportation {unknown}
 f - 2 scrolls of identify {unknown}
 g - 3 scrolls of blinking {unknown}
 m - a scroll of amnesia {unknown}
Potions
 h - 2 potions of might {unknown}
 k - a potion of heal wounds {unknown}
 n - a potion of degeneration {unknown}
Comestibles
 d - 5 rations
 p - 2 chunks of flesh


   Skills:
 + Level 1.8 Fighting
 + Level 1.8 Armour
 + Level 2.3 Dodging
 - Level 2.1 Stealth
 + Level 2.6 Spellcasting
 + Level 1.3 Conjurations
   Level 0.7 Transmutations
 + Level 4.4 Earth Magic


You couldn't memorise any spells.
You knew the following spells:

 Your Spells              Type           Power        Failure   Level  Hunger
a - Sandblast             Erth           ###...       3%          1    #......
b - Stone Arrow           Conj/Erth      ##....       19%         3    ###....
c - Lee's Rapid Deconstr  Erth           ###.......   65%         5    ######.

Your spell library contained the following spells:

 Spells                   Type           Power        Failure   Level  Hunger
 Passwall                 Tmut/Erth      ##......     11%         2    ##.....
 Petrify                  Tmut/Erth      ##......     56%         4    #####..


Dungeon Overview and Level Annotations

Branches:
Dungeon (3/15)

Altars:
Ashenzari
Kikubaaqudgha

Annotations:
D:3 Natasha


Innate Abilities, Weirdness & Mutations

You are resistant to torment.
Your stone body is resilient. (AC +4)
You are immune to poison.
You resist negative energy. (rN+)
You are resistant to electric shocks. (rElec)
You can survive without breathing.
You are immune to petrification.
You are immune to rotting.


Message History

The blast of sand hits Natasha.
Natasha is severely wounded.
b - 52 stones The orc wizard hits you but does no damage.
The crimson imp misses you. Natasha barely misses you.
You closely miss Natasha.
Natasha is severely wounded.
The crimson imp disappears in a puff of smoke!
The orc wizard hits you but does no damage.
Natasha claws you but does no damage.
You hit Natasha.
Natasha is severely wounded.
The orc wizard gestures at you while chanting.
You feel yourself slow down. Natasha barely misses you.
The orc wizard mumbles some strange words.
The orc wizard blinks!
You hit Natasha.
Natasha is almost dead.
Natasha barely misses you. Natasha claws you.
You die...

#.# ###..# #.#
#....#### #.#
#.[..>... #.#
#..#.#### #.#
#...#.##
#.####..###.##
#####.##...## ##..
#.§o..##....###.##
#@######...#.#.##
#h# ####.......#
#o# #..........###
#o# #.##...###....
#.# #........<<...
#.# #####..#.#.###
#.. #......# ###
#.##.### #.##.#


You could see an orc wizard, Natasha and 2 orcs.

Vanquished Creatures
  Jessica (D:2)
  Terence (D:3)
  3 adders
  An ooze (D:1)
  A dart slug (D:2)
  A leopard gecko (D:3)
  An orc (D:3)
  7 bats
  3 bat zombies (D:2)
  3 giant cockroaches
  10 goblins
  7 hobgoblins
  A quokka (D:2)
  3 kobolds (D:1)
  4 rats
  3 rat zombies (D:2)
50 creatures vanquished.

Notes
Turn   | Place    | Note
-------+----------+-------------------------------------------
     0 | D:1      | Cryolive the Gargoyle Earth Elementalist began the quest
                  | for the Orb.
     0 | D:1      | Reached XP level 1. HP: 10/10 MP: 3/3
    52 | D:1      | Reached XP level 2. HP: 4/16 MP: 0/5
   813 | D:1      | Reached skill level 1 in Fighting
   813 | D:1      | Reached skill level 1 in Armour
   897 | D:1      | Reached skill level 4 in Earth Magic
   897 | D:1      | Reached XP level 3. HP: 17/20 MP: 6/6
   905 | D:1      | Learned a level 3 spell: Stone Arrow
  1113 | D:2      | Noticed Jessica
  1131 | D:2      | Killed Jessica
  1131 | D:2      | Reached XP level 4. HP: 12/25 MP: 4/7
  1596 | D:2      | Found a shattered altar of Ashenzari.
  1768 | D:2      | Reached skill level 1 in Conjurations
  1774 | D:2      | Found an ancient bone altar of Kikubaaqudgha.
  2054 | D:3      | Noticed Terence
  2081 | D:3      | Killed Terence
  2081 | D:3      | Reached XP level 5. HP: 18/30 MP: 0/8
  2100 | D:3      | Learned a level 5 spell: Lee's Rapid Deconstruction
  2176 | D:3      | Found a faded altar of an unknown god.
  2586 | D:3      | Noticed Natasha
  2608 | D:3      | HP: 1/30 [crimson imp[Natasha] (1)]
  2612 | D:3      | Slain by Natasha

Vault maps used:
D:1:      eino_arrival_druids_welcome
D:2:      lemuel_zombie_altar_kikubaaqudgha, lemuel_crystal_altar,
          chequers_serial_rivers_small_3, uniq_jessica
D:3:      nicolae_overflow_hidden_temple, chequers_ecumenical_altar_island,
          first_ration, uniq_terence, uniq_natasha, uniq_robin

Skill      XL: |  1  2  3  4 |
---------------+-------------+-----
Fighting       | 1 |  1.8
Armour         | 1 |  1.8
Earth Magic    | 4 |  4.4
Dodging        | 2 |  2.3
Conjurations   | 1 |  1.3
Stealth        | |  2.1
Spellcasting   | |  2.6
Transmutations | |  0.7

Action                   |  1- 3 |  4- 6 || total
-------------------------+-------+-------++-------
Melee: Unarmed           |    11 |       ||    11
       Dagger            |   160 |   111 ||   271
       Mace              |       |    47 ||    47
 Cast: Sandblast         |     6 |    14 ||    20
       Stone Arrow       |       |     3 ||     3
 Stab: Sleeping          |     3 |     1 ||     4
  Eat: Chunk             |     1 |     5 ||     6
Armor: Robe              |    79 |   114 ||   193
Dodge: Dodged            |   164 |   156 ||   320

Table legend:
 A = Non-vault XP
 B = Vault XP
 C = Vault XP percentage of total XP
 D = Non-vault monster count
 E = Vault monster count
 F = Vault count percentage of total count
                 A         B        C        D         E       F
            +---------+---------+-------+---------+---------+-------
      Total |     111 |      88 |  44.2 |      39 |      11 |  22.0
            +---------+---------+-------+---------+---------+-------
        D:1 |      40 |       0 |   0.0 |      21 |       0 |   0.0
        D:2 |      47 |      46 |  49.5 |      12 |       7 |  36.8
        D:3 |      24 |      42 |  63.6 |       6 |       4 |  40.0
            +---------+---------+-------+---------+---------+-------
